 Dungeon Sprint DCSS version 0.31-a0-662-g684573625c (webtiles) character file.

Game seed: 12499380534914255211

3616 sircluck the Grappler (level 9, -8/106 HPs)
             Began as a Troll Berserker on Aug 31, 2023.
             Was a High Priest of Trog.
             Mangled by a skeletal warrior
             ... wielding a +0 glaive
              (19 damage)
             ... in the Dungeon (Sprint II: "The Violet Keep of Menkaure").
             The game lasted 00:01:39 (259 turns).

sircluck the Grappler (Troll Berserker)              Turns: 259, Time: 00:01:39

Health: -8/106     AC:  4    Str: 31    XL:     9   Next: 86%
Magic:  8/8        EV: 13    Int:  3    God:    Trog [*****.]
Gold:   114        SH:  0    Dex:  9    Spells: 8/8 levels left

rFire   . .          .
                       - Unarmed
rCold   . . .        (no shield)
rNeg    . . .        a - +0 animal skin
rPois   .            (helmet restricted)
rElec   .            (no cloak)
rCorr   .            (gloves unavailable)
SInv    .            (boots unavailable)
Will    .....        (no amulet)
Stlth   +            (no ring)
HPRegen 1.17/turn    (no ring)
MPRegen 0.11/turn

%: no teleportation
@: on berserk cooldown, slowed, very slow
A: large, unfitting armour, claws 3, regeneration 1, shaggy fur 1, tough skin 1
a: Renounce Religion, Berserk, Trog's Hand, Brothers in Arms


You were in the Dungeon.
You worshipped Trog.
Trog was extremely pleased with you.
You visited 1 branch You collected 972 gold pieces.
You spent 858 gold pieces at shops.

Inventory:

Armour
 a - a +0 animal skin (worn)
Jewellery
 h - a +4 ring of slaying
Scrolls
 g - a scroll of blinking
Potions
 b - a potion of curing
 c - a potion of heal wounds
 d - a potion of haste
 e - 2 potions of magic
 f - a potion of berserk rage


   Skills:
 + Level 11.7 Fighting
 + Level 11.5 Dodging
 + Level 13.6 Unarmed Combat


You had 8 spell levels left.
You didn't know any spells.
Your spell library was empty.

Dungeon Overview and Level Annotations

Branches:
Dungeon (1/1)

Altars:

Shops:
D !(:[*!(:!:=?[=!

Annotations:
D exclusions: obsidian statue and oklob plant


Innate Abilities, Weirdness & Mutations

You are too large for most types of armour.
You have claws for hands.
Your natural rate of healing is unusually fast.
You are covered in fur. (AC +1)
You have tough skin. (AC +1)


Message History

Trog grants you a weapon! Something appears at your feet!
You hear a splash.
You see here a +4 heavy dagger.
You hear a splash. x2
The hellwing disappears in a puff of smoke!
The iron imp disappears in a puff of smoke!
The wyvern bites you but does no damage.
Items here: ))) [.
You claw the wyvern!
The wyvern is heavily wounded.
The wyvern closely misses you.
You mangle the wyvern!!
You kill the wyvern!
Trog accepts your kill.
The skeletal warrior closely misses you.
The elephant tramples you.
You stumble backwards!
Splash!
You fall into the shallow water.
Items here: ))) [.
You claw the elephant! x2
The elephant is moderately wounded.
The elephant tramples you but does no damage.
The elephant closely misses you.
You scratch the elephant.
The elephant is heavily wounded.
You mangle the elephant!!
The elephant is severely wounded.
You are no longer berserk.
You are exhausted.
You feel yourself slow down.
The skeletal warrior hits you from afar with a +0 glaive!!
* * * LOW HITPOINT WARNING * * *
The elephant misses you. The elephant trunk-slaps you.
* * * LOW HITPOINT WARNING * * *
You claw the elephant!
You kill the elephant!
Trog accepts your kill.
The skeletal warrior hits you from afar with a +0 glaive!!
You die...

####+#### ##.......##
...°.....## ### .°°8°....#
#...#### .°°.... #$..z†@##
....
############†)#+++#+++##
###########~~~.........#
##.......∩#~~~~.##'##..#
##∩.....∩.#~~~~###.###.####
##.∩...∩.∩#~~~~#..#..#....#
##∩.∩...∩.#~~####†#.####..##
##.∩.∩.∩..#~##.###†###.##..#
##..∩.∩...#~#...##.##...#..#


You could see a skeletal warrior.

Vanquished Creatures
  Kirke (D)
  A yaktaur captain (D)
  A centaur warrior (D)
  A merfolk siren (D)
  An elephant (D)
  A kobold demonologist (D)
  A wyvern (D)
  Menkaure (D)
  A water moccasin (D)
  4 necrophages (D)
  5 scorpions (D)
  3 worms (D)
21 creatures vanquished.

Notes
Turn   | Place    | Note
-------+----------+-------------------------------------------
     0 | D        | sircluck the Troll Berserker began the quest for the Orb.
     0 | D        | Reached XP level 1. HP: 22/22 MP: 0/0
     1 | D        | Noticed a scorpion
     1 | D        | Noticed a scorpion
     1 | D        | Noticed a scorpion
     1 | D        | Noticed a scorpion
     3 | D        | Killed a scorpion
     4 | D        | Reached skill level 5 in Unarmed Combat
     4 | D        | Reached XP level 2. HP: 32/32 MP: 1/1
     4 | D        | Reached XP level 3. HP: 39/39 MP: 2/2
     8 | D        | Killed a scorpion
     9 | D        | Reached skill level 5 in Fighting
     9 | D        | Reached skill level 5 in Dodging
     9 | D        | Reached skill level 6 in Unarmed Combat
     9 | D        | Reached XP level 4. HP: 50/50 MP: 3/3
    10 | D        | Killed a scorpion
    10 | D        | Reached ** piety under Trog
    11 | D        | Reached XP level 5. HP: 59/59 MP: 4/4
    12 | D        | Reached skill level 7 in Unarmed Combat
    18 | D        | Noticed an obsidian statue
    20 | D        | Noticed Menkaure
    26 | D        | Killed Menkaure
    27 | D        | Reached skill level 8 in Unarmed Combat
    27 | D        | Reached XP level 6. HP: 20/71 MP: 5/5
    27 | D        | Found Caganiqi's Jewellery Shoppe.
    27 | D        | Found Rogonyri's Distillery.
    28 | D        | Found Fefem's Magic Scroll Shoppe.
    28 | D        | Found Futium's Antique Armour Emporium.
    29 | D        | Found Zepneof's Book Shoppe.
    29 | D        | Found Ywueh's Jewellery Emporium.
    44 | D        | Found Nusepev's Distillery.
    45 | D        | Found Laecyeka's Book Shoppe.
    46 | D        | Found Hetu's Antique Weapon Shoppe.
    46 | D        | Found Yqoidwea's Distillery.
    46 | D        | Noticed a redback
    55 | D        | Reached *** piety under Trog
    90 | D        | Noticed a merfolk siren
   102 | D        | Killed a merfolk siren
   103 | D        | Reached skill level 10 in Unarmed Combat
   103 | D        | Reached XP level 7. HP: 47/81 MP: 6/6
   127 | D        | Reached **** piety under Trog
   154 | D        | Reached ***** piety under Trog
   162 | D        | Reached XP level 8. HP: 60/92 MP: 7/7
   197 | D        | Found Pozat's Assorted Antiques.
   197 | D        | Found Feaniohay's Antique Armour Shoppe.
   197 | D        | Noticed an oklob plant
   198 | D        | Found Piosine's Antique Weapon Shoppe.
   198 | D        | Found Foedug's Distillery.
   198 | D        | Found Kechajao's Book Shoppe.
   204 | D        | Bought a +4 ring of slaying for 858 gold pieces
   230 | D        | Noticed a centaur warrior
   230 | D        | Noticed Kirke
   230 | D        | Noticed a kobold demonologist
   231 | D        | Noticed an elephant
   231 | D        | Noticed a yaktaur captain
   231 | D        | Noticed a skeletal warrior
   245 | D        | Noticed a hellwing
   245 | D        | Killed Kirke
   246 | D        | Reached skill level 10 in Fighting
   246 | D        | Reached skill level 10 in Dodging
   246 | D        | Reached skill level 12 in Unarmed Combat
   246 | D        | Reached XP level 9. HP: 59/102 MP: 8/8
   247 | D        | Killed a centaur warrior
   249 | D        | Killed a yaktaur captain
   250 | D        | Reached skill level 13 in Unarmed Combat
   251 | D        | Killed a kobold demonologist
   251 | D        | Received a gift from Trog
   259 | D        | Killed an elephant
   259 | D        | Mangled by a skeletal warrior

Illustrated notes

Levels and vault maps discovered:
D:        the_violet_keep_of_menkaure [sprint2_stairs_cluster_1,
          sprint2_shoproom, sprint2_temple, sprint2_basic_supplies,
          sprint2_obstacle_5, sprint2_obstacle_7, sprint2_obstacle_3,
          sprint2_obstacle_2, sprint2_obstacle_1, sprint2_timed_cluster_1,
          sprint2_smallroom_cluster_1, sprint2_smallroom_final_cluster_1,
          sprint2_transparent_cluster_1, sprint2_second_timed_cluster_1,
          sprint2_sniper_area_1, sprint2_heavy_combat_area_1,
          sprint2_mutation_trap_area_1, sprint2_forest_area_1,
          sprint2_light_combat_area_1, sprint2_behind_water_1,
          sprint2_near_end_vault_1]

Skill      XL: |  1  2  3  4  5  6  7  8  9 |
---------------+----------------------------+-----
Fighting       | 4 5 7 8 9 10 11 | 11.7
Dodging        | 4 5 6 8 9 10 11 | 11.5
Unarmed Combat | 5 6 8 10 12 13 | 13.6

Action                     |  1- 3 |  4- 6 |  7- 9 || total
---------------------------+-------+-------+-------++-------
  Melee: Unarmed           |     6 |    20 |    50 ||    76
         Punch             |       |     2 |     3 ||     5
 Invoke: Berserk           |     1 |       |     1 ||     2
 Armour: Animal skin       |     2 |     9 |    29 ||    40
         Skin              |       |       |     4 ||     4
  Dodge: Dodged            |     1 |     2 |    27 ||    30

Table legend: (Time is in decaauts)
 A = Elapsed time spent in this place.
 B = Non-inter-level travel time spent in this place.
 C = Inter-level travel time spent in this place.
 D = Time resting spent in this place.
 E = Time spent auto-exploring this place.
 F = Levels seen in this place.
 G = Mean time per level.
                   A        B        C        D        E       F      G
               +--------+--------+--------+--------+--------+-----+--------+
         Total |    249 |    245 |      4 |     17 |     65 |   1 |  249.0 |
       Dungeon |    249 |    245 |      4 |     17 |     65 |   1 |  249.0 |
               +--------+--------+--------+--------+--------+-----+--------+

Top non-repeatable levels by time:
       D: 249 daAuts
